SL
CHICAGO HAWKS @ TOLEDO TITANS
08/08/2023
 
TOP OF THE 1ST
Chicago Hawks batting - Pitching for Toledo Titans : RHP Chip Bishop
Pitching: RHP Chip Bishop
Batting: RHB Ludwig Kluge 0-0: Ball
1-0: Fly out, F8 (Flyball, 8RM)
Batting: LHB Alfonso Núñez 0-0: SINGLE (Groundball, 34D)
Batting: RHB Chandler Bailey 0-0: Foul Ball, location: 2F
0-1: SINGLE (Line Drive, 34D)
Alfonso Núñez to second
Batting: RHB Chris Smith 0-0: Ball
1-0: Called Strike
1-1: Ball
2-1: Called Strike
2-2: Strikes out swinging
Batting: LHB Bill Griffin 0-0: Called Strike
0-1: Ball
1-1: Called Strike
1-2: Ball
2-2: Ball
3-2: Foul Ball, location: 2F
3-2: Base on Balls
Alfonso Núñez to third
Chandler Bailey to second
Batting: RHB Yoshio Matsuo 0-0: Ball
1-0: Fly out, F7 (Line Drive, 7S)
Top of the 1st over - 0 run(s), 2 hit(s), 0 error(s), 3 left on base; Chicago 0 - Toledo 0
BOTTOM OF THE 1ST
Toledo Titans batting - Pitching for Chicago Hawks : RHP Kenshin Koike
Pitching: RHP Kenshin Koike
Batting: LHB Rick Harrison 0-0: Ball
1-0: Fly out, F6 (Popup, 6)
Batting: LHB Chris West 0-0: Ball
1-0: Called Strike
1-1: Ground out 1-3 (Groundball, 13)
Batting: LHB Tony Dyer 0-0: Fly out, F9 (Flyball, 9D)
Bottom of the 1st over - 0 run(s), 0 hit(s), 0 error(s), 0 left on base; Chicago 0 - Toledo 0
TOP OF THE 2ND
Chicago Hawks batting - Pitching for Toledo Titans : RHP Chip Bishop
Batting: RHB Pedro Cruz 0-0: Ground out 4-3 (Groundball, 4)
Batting: LHB Johnny Hernández 0-0: Called Strike
0-1: Ball
1-1: Called Strike
1-2: SINGLE (Line Drive, 4M)
Batting: RHB Soseki Matsunaga 0-0: Ball
1-0: Called Strike
1-1: SINGLE (Line Drive, 6M)
Johnny Hernández to second
Batting: RHB Ludwig Kluge 0-0: Grounds into double play, U6-3 (Groundball, 6M)
Top of the 2nd over - 0 run(s), 2 hit(s), 0 error(s), 1 left on base; Chicago 0 - Toledo 0
BOTTOM OF THE 2ND
Toledo Titans batting - Pitching for Chicago Hawks : RHP Kenshin Koike
Batting: LHB Yannick Hendriksen 0-0: Swinging Strike
0-1: Fly out, F7 (Flyball, 78S)
Batting: RHB Steve Dunn 0-0: Ground out 5-3 (Groundball, 56)
Batting: LHB Jorge Flores 0-0: Called Strike
0-1: SINGLE (Line Drive, 9S)
Batting: RHB Pil-joong Pak 0-0: Called Strike
0-1: SINGLE (Flyball, 89M)
Jorge Flores to second
Throwing error, E9
Jorge Flores scores
Pil-joong Pak to second
Batting: RHB Paul Houston 0-0: Ball
1-0: Swinging Strike
1-1: Fly out, F8 (Line Drive, 8RD)
Bottom of the 2nd over - 1 run(s), 2 hit(s), 1 error(s), 1 left on base; Chicago 0 - Toledo 1
TOP OF THE 3RD
Chicago Hawks batting - Pitching for Toledo Titans : RHP Chip Bishop
Batting: LHB Alfonso Núñez 0-0: Foul Ball, location: 2F
0-1: Ground out 5-3 (Groundball, 56)
Batting: RHB Chandler Bailey 0-0: Called Strike
0-1: Foul Ball, location: 2F
0-2: Foul Ball, location: 2F
0-2: Foul Ball, location: 2F
0-2: Ball
1-2: Ball
2-2: Foul Ball, location: 2F
2-2: Ground out 5-3 (Groundball, 5S)
Batting: RHB Chris Smith 0-0: Called Strike
0-1: Foul Ball, location: 2F
0-2: Strikes out swinging
Top of the 3rd over - 0 run(s), 0 hit(s), 0 error(s), 0 left on base; Chicago 0 - Toledo 1
BOTTOM OF THE 3RD
Toledo Titans batting - Pitching for Chicago Hawks : RHP Kenshin Koike
Batting: RHB Mike Burns 0-0: Called Strike
0-1: Ball
1-1: Ball
2-1: Foul Ball, location: 2F
2-2: Ball
3-2: Base on Balls
Batting: LHB Rick Harrison 0-0: Called Strike
0-1: Ball
1-1: Foul Ball, location: 2F
1-2: Fly out, F6 (Popup, 6)
Batting: LHB Chris West 0-0: Ball
1-0: Called Strike
1-1: Called Strike
1-2: SINGLE (Groundball, 4MD)
Mike Burns to second
Runner from 2nd tries for 3rd, SAFE, no throw or cutoff
Batting: LHB Tony Dyer 0-0: Ball
Chris West is caught stealing 2nd base
1-0: DOUBLE (Flyball, 7D)
Mike Burns scores
Batting: LHB Yannick Hendriksen 0-0: Called Strike
0-1: Ball
1-1: Ball
2-1: Swinging Strike
2-2: Foul Ball, location: 2F
2-2: Ball
3-2: Base on Balls
Batting: RHB Steve Dunn 0-0: Ball
1-0: Ball
2-0: Called Strike
2-1: Called Strike
2-2: Foul Ball, location: 2F
2-2: Ball
3-2: 3-RUN HOME RUN (Flyball, 7D), Distance : 410 ft
Batting: LHB Jorge Flores 0-0: Ball
1-0: Foul Ball, location: 2F
1-1: SINGLE (Flyball, 8LS)
Batting: RHB Pil-joong Pak 0-0: Ground out 5-3 (Groundball, 5)
Bottom of the 3rd over - 4 run(s), 4 hit(s), 0 error(s), 1 left on base; Chicago 0 - Toledo 5
TOP OF THE 4TH
Chicago Hawks batting - Pitching for Toledo Titans : RHP Chip Bishop
Batting: LHB Bill Griffin 0-0: Foul Ball, location: 2F
0-1: Ball
1-1: Ball
2-1: Ground out U3 (Groundball, 3)
Batting: RHB Yoshio Matsuo 0-0: Swinging Strike
0-1: Swinging Strike
0-2: Foul Ball, location: 2F
0-2: Ball
1-2: Strikes out looking
Batting: RHB Pedro Cruz 0-0: Called Strike
0-1: Foul Ball, location: 2F
0-2: Ball
1-2: Ground out U3 (Groundball, 3L)
Top of the 4th over - 0 run(s), 0 hit(s), 0 error(s), 0 left on base; Chicago 0 - Toledo 5
BOTTOM OF THE 4TH
Toledo Titans batting - Pitching for Chicago Hawks : RHP Kenshin Koike
Batting: RHB Paul Houston 0-0: Ground out 1-3 (Groundball, 15)
Batting: RHB Mike Burns 0-0: Called Strike
0-1: Ball
1-1: Called Strike
1-2: Ball
2-2: Ground out 2-3 (Groundball, 23)
Batting: LHB Rick Harrison 0-0: Called Strike
0-1: Ball
1-1: Foul Ball, location: 2F
1-2: Ball
2-2: Ball
3-2: Foul Ball, location: 2F
3-2: Ground out U3 (Groundball, 3)
Bottom of the 4th over - 0 run(s), 0 hit(s), 0 error(s), 0 left on base; Chicago 0 - Toledo 5
TOP OF THE 5TH
Chicago Hawks batting - Pitching for Toledo Titans : RHP Chip Bishop
Batting: LHB Johnny Hernández 0-0: Called Strike
0-1: Ground out 4-3 (Groundball, 34)
Batting: RHB Soseki Matsunaga 0-0: Ball
1-0: Foul Ball, location: 2F
1-1: Ball
2-1: Ground out 6-3 (Groundball, 6M)
Batting: RHB Ludwig Kluge 0-0: Ball
1-0: Fly out, F9 (Flyball, 9M)
Top of the 5th over - 0 run(s), 0 hit(s), 0 error(s), 0 left on base; Chicago 0 - Toledo 5
BOTTOM OF THE 5TH
Toledo Titans batting - Pitching for Chicago Hawks : RHP Kenshin Koike
Batting: LHB Chris West 0-0: Ground out 5-3 (Groundball, 5)
Batting: LHB Tony Dyer 0-0: Fly out, F9 (Flyball, 89S)
Batting: LHB Yannick Hendriksen 0-0: Ball
1-0: SOLO HOME RUN (Flyball, 89XD), Distance : 422 ft
Batting: RHB Steve Dunn 0-0: Ball
1-0: Ground out 5-3 (Groundball, 5S)
Bottom of the 5th over - 1 run(s), 1 hit(s), 0 error(s), 0 left on base; Chicago 0 - Toledo 6
TOP OF THE 6TH
Chicago Hawks batting - Pitching for Toledo Titans : RHP Chip Bishop
Batting: LHB Alfonso Núñez 0-0: Called Strike
0-1: Fly out, F7 (Flyball, 7S)
Batting: RHB Chandler Bailey 0-0: Swinging Strike
0-1: Ball
1-1: Ball
2-1: Ball
3-1: SINGLE (Line Drive, 9LM)
Batting: RHB Chris Smith 0-0: Foul Ball, location: 2F
0-1: Fly out, F9 (Flyball, 89S)
Batting: LHB Bill Griffin 0-0: Ball
1-0: Fly out, F7 (Flyball, 7D)
Top of the 6th over - 0 run(s), 1 hit(s), 0 error(s), 1 left on base; Chicago 0 - Toledo 6
BOTTOM OF THE 6TH
Toledo Titans batting - Pitching for Chicago Hawks : RHP Kenshin Koike
Pitching: LHP Gustavo Domínguez
Batting: LHB Jorge Flores 0-0: Ball
1-0: Called Strike
1-1: Swinging Strike
1-2: Fly out, F7 (Flyball, 7M)
Batting: RHB Pil-joong Pak 0-0: Ball
1-0: Ball
2-0: SINGLE (Flyball, 7S)
Batting: RHB Paul Houston 0-0: Ball
1-0: Ball
2-0: Ball
3-0: Called Strike
3-1: Hit by Pitch
Pil-joong Pak to second
Batting: RHB Mike Burns 0-0: Called Strike
0-1: Ball
1-1: Fly out, F8 (Flyball, 8RD)
Runner from 2nd tags up, SAFE at 3rd, no throw
Batting: LHB Rick Harrison 0-0: Called Strike
0-1: Ball
1-1: Foul Ball, location: 2F
1-2: Ball
2-2: Foul Ball, location: 2F
2-2: Ball
3-2: SINGLE (Line Drive, 34)
Pil-joong Pak scores
Paul Houston to second
Paul Houston to third
Batting: LHB Chris West 0-0: Called Strike
Rick Harrison steals 2nd base
0-1: Ball
1-1: Ground out 1-3 (Groundball, 25)
Bottom of the 6th over - 1 run(s), 2 hit(s), 0 error(s), 2 left on base; Chicago 0 - Toledo 7
TOP OF THE 7TH
Chicago Hawks batting - Pitching for Toledo Titans : RHP Chip Bishop
Batting: RHB Yoshio Matsuo 0-0: Ball
1-0: Ball
2-0: SINGLE (Line Drive, 4M)
Batting: RHB Pedro Cruz 0-0: Grounds into double play, 4-6-3 (Groundball, 34)
Batting: LHB Johnny Hernández 0-0: Ball
1-0: Ball
2-0: Ball
3-0: Called Strike
3-1: Foul Ball, location: 2F
3-2: Fly out, F9 (Flyball, 9D)
Top of the 7th over - 0 run(s), 1 hit(s), 0 error(s), 0 left on base; Chicago 0 - Toledo 7
BOTTOM OF THE 7TH
Toledo Titans batting - Pitching for Chicago Hawks : LHP Gustavo Domínguez
Pitching: RHP Artie Beardsall
Batting: LHB Tony Dyer 0-0: SINGLE (Line Drive, 34)
Batting: LHB Yannick Hendriksen 0-0: SINGLE (Groundball, 4M)
Tony Dyer to second
Batting: RHB Steve Dunn 0-0: Called Strike
0-1: Grounds into double play, 6-4-3 (Groundball, 6)
Tony Dyer to third
Batting: LHB Jorge Flores 0-0: SINGLE (Line Drive, 6MD)
Tony Dyer scores
Batting: RHB Pil-joong Pak 0-0: Foul Ball, location: 2F
0-1: Ball
1-1: Swinging Strike
1-2: Foul Ball, location: 2F
1-2: Strikes out swinging
Bottom of the 7th over - 1 run(s), 3 hit(s), 0 error(s), 1 left on base; Chicago 0 - Toledo 8
TOP OF THE 8TH
Chicago Hawks batting - Pitching for Toledo Titans : RHP Chip Bishop
Batting: RHB Soseki Matsunaga 0-0: Ball
1-0: Called Strike
1-1: Called Strike
1-2: Ball
2-2: Ball
3-2: Ground out 5-3 (Groundball, 5L)
Batting: RHB Ludwig Kluge 0-0: Called Strike
0-1: Ball
1-1: Swinging Strike
1-2: Ball
2-2: Ball
3-2: Strikes out looking
Batting: LHB Alfonso Núñez 0-0: Called Strike
0-1: Foul Ball, location: 2F
0-2: Ball
1-2: Foul Ball, location: 2F
1-2: Foul Ball, location: 2F
1-2: Ball
2-2: DOUBLE (Flyball, 89D)
Pitching: LHP Brandeis Vogt
Batting: RHB Chandler Bailey 0-0: Called Strike
0-1: Ground out 5-3 (Groundball, 56)
Top of the 8th over - 0 run(s), 1 hit(s), 0 error(s), 1 left on base; Chicago 0 - Toledo 8
BOTTOM OF THE 8TH
Toledo Titans batting - Pitching for Chicago Hawks : RHP Artie Beardsall
Batting: RHB Paul Houston 0-0: Called Strike
0-1: Fly out, F9 (Flyball, 9D)
Batting: RHB Mike Burns 0-0: Fly out, F9 (Flyball, 89M)
Batting: LHB Rick Harrison 0-0: Swinging Strike
0-1: Foul Ball, location: 2F
0-2: Foul Ball, location: 2F
0-2: Ball
1-2: Ball
2-2: Ball
3-2: Foul Ball, location: 2F
3-2: Foul Ball, location: 2F
3-2: Foul Ball, location: 2F
3-2: Base on Balls
Batting: LHB Chris West
Pinch Hitting: RHB Pedro Pérez 0-0: Ball
Rick Harrison steals 2nd base
1-0: Ball
2-0: Called Strike
2-1: Called Strike
2-2: Foul Ball, location: 2F
2-2: Foul Ball, location: 2F
2-2: Foul Ball, location: 2F
2-2: Ball
3-2: Foul Ball, location: 2F
3-2: Base on Balls
Batting: LHB Tony Dyer 0-0: Fly out, F7 (Flyball, 7M)
Bottom of the 8th over - 0 run(s), 0 hit(s), 0 error(s), 2 left on base; Chicago 0 - Toledo 8
TOP OF THE 9TH
Chicago Hawks batting - Pitching for Toledo Titans : LHP Brandeis Vogt
Now in CF: Pedro Pérez
Batting: RHB Chris Smith 0-0: Ball
1-0: Called Strike
1-1: Ball
2-1: Ball
3-1: Foul Ball, location: 2F
3-2: Base on Balls
Batting: LHB Bill Griffin 0-0: Ball
1-0: Foul Ball, location: 2F
1-1: Called Strike
1-2: Strikes out swinging
Batting: RHB Yoshio Matsuo 0-0: Ball
1-0: Foul Ball, location: 2F
1-1: Ball
2-1: Ball
3-1: SINGLE (Groundball, 6)
Chris Smith to second
Batting: RHB Pedro Cruz 0-0: Fielders Choice at 2nd, 1-6 (Groundball, 13S)
Chris Smith to third
Batting: LHB Johnny Hernández 0-0: Foul Ball, location: 2F
0-1: Ball
1-1: Ground out U3 (Groundball, 3)
Top of the 9th over - 0 run(s), 1 hit(s), 0 error(s), 2 left on base; Chicago 0 - Toledo 8
This league is powered by Out of the Park Baseball, the baseball management simulation game for PC, Mac and Linux
Friday, July 8th, 2016 - OOTP Baseball 16.9 Build 39